 Dungeon Crawl Stone Soup version 0.24-a0-201-gf205589 (webtiles) character file.

Game seed: 2503703795118150088

149 Borgoz the Skirmisher (level 5, -3/33 HPs)
             Began as a Gargoyle Monk on Mar 25, 2019.
             Slain by Menkaure (15 damage)
             ... on level 4 of the Dungeon.
             The game lasted 00:03:45 (2470 turns).

Borgoz the Skirmisher (Gargoyle Monk)               Turns: 2470, Time: 00:03:45

Health: -3/33      AC: 10    Str: 14    XL:     5   Next: 31%
Magic:  6/6        EV: 16    Int: 16    God:
Gold:   58         SH:  0    Dex: 18    Spells: 6/6 levels left

rFire    + . .     SeeInvis .   a - +0 short sword
rCold    + . .     Gourm    .   (no shield)
rNeg     + . .     Faith    .   d - +0 scale mail
rPois    ∞         Spirit   .   (no helmet)
rElec    +         Reflect  .   (no cloak)
rCorr    +         Harm     .   (no gloves)
MR       .....                  (no boots)
Stlth    ++........             (no amulet)
HPRegen  0.11/turn              (no ring)
MPRegen  0.10/turn              (no ring)

@: brilliant, agile, resistant, very slightly contaminated, hasted, invisible,
very quick
A: negative energy resistance 1, electricity resistance, unbreathing,
petrification resistance, rot immunity, AC +4
a: no special abilities


You were on level 4 of the Dungeon.
You were not hungry.

You visited 1 branch of the dungeon, and saw 4 of its levels.

You collected 58 gold pieces.

Inventory:

Hand Weapons
 a - a +0 short sword (weapon)
Missiles
 o - 3 tomahawks (quivered)
Armour
 d - a +0 scale mail (worn)
Scrolls
 g - a scroll of amnesia {unknown}
 h - 2 scrolls of identify {unknown}
 j - 2 scrolls of remove curse {unknown}
 n - 2 scrolls of random uselessness {unknown}
 p - 2 scrolls of noise
 q - a scroll of fog {unknown}
 r - a scroll of teleportation {unknown}
Potions
 b - a potion of might {unknown}
 e - a potion of haste
 f - 2 potions of invisibility
 i - a potion of degeneration {unknown}
 k - a potion of agility
Comestibles
 c - 3 rations


   Skills:
 + Level 3.6 Fighting
 * Level 3.4 Short Blades
 + Level 1.3 Throwing
 + Level 1.4 Armour
 * Level 3.1 Dodging
 + Level 2.8 Stealth
 + Level 1.2 Spellcasting


You had 6 spell levels left.
You didn't know any spells.
Your spell library was empty.

Dungeon Overview and Level Annotations

Branches:
Dungeon (4/15)
 Temple: D:4-7

Altars:
Ru
Trog

Annotations:
D:2 1 runed translucent door, Crazy Yiuf
D:4 Menkaure


Innate Abilities, Weirdness & Mutations

You are resistant to torment.
Your stone body is resilient. (AC +4)
You are immune to poison.
You resist negative energy. (rN+)
You are resistant to electric shocks. (rElec)
You can survive without breathing.
You are immune to petrification.
You are immune to rotting.


Message History

Menkaure seems to speed up.
It was a potion of resistance.
You feel protected.
It was a potion of heal wounds.
You feel much better. Menkaure completely misses you.
You hit Menkaure but do no damage.
Menkaure calls on the powers of darkness!
Your body is wracked with pain!
The worker ant convulses!
You hit Menkaure.
Menkaure is lightly damaged.
Menkaure hits you!
You completely miss Menkaure.
Menkaure is lightly damaged.
You hit Menkaure.
Menkaure is moderately damaged.
Menkaure hits you but does no damage.
You hit Menkaure.
Menkaure is moderately damaged.
Menkaure hits you!
You die...

#...............#
#...[...........#
#.........# ....#
#.........##....##
##....<.....##....####
#.....................
..........#............
..........###.M†......$
.........## ###@.......
.........# ###..####
........## ..#
........# ... .......
.... .### .#


You could see Menkaure.

Vanquished Creatures
  A howler monkey (D:4)
  Terence (D:2)
  2 adders
  An ooze (D:1)
  2 worms
  2 dart slugs (D:1)
  4 leopard geckos
  An orc (D:3)
  5 giant cockroaches
  5 goblins
  6 hobgoblins
  4 kobolds
  3 quokkas (D:3)
  6 bats
  2 frilled lizards (D:3)
  3 rats (D:1)
48 creatures vanquished.

Notes
Turn   | Place    | Note
-------+----------+-------------------------------------------
     0 | D:1      | Borgoz the Gargoyle Monk began the quest for the Orb.
     0 | D:1      | Reached XP level 1. HP: 14/14 MP: 1/1
    54 | D:1      | Reached XP level 2. HP: 15/19 MP: 2/2
   253 | D:1      | Reached XP level 3. HP: 14/23 MP: 2/4
   925 | D:3      | Reached skill level 1 in Armour
   925 | D:3      | Reached XP level 4. HP: 15/28 MP: 5/5
  1076 | D:3      | Found a bloodstained altar of Trog.
  1160 | D:3      | Reached skill level 1 in Throwing
  1179 | D:3      | Reached skill level 1 in Spellcasting
  1660 | D:2      | Found a sacrificial altar of Ru.
  1789 | D:2      | Noticed Terence
  1818 | D:2      | Killed Terence
  2194 | D:2      | Found a runed translucent door.
  2195 | D:2      | Noticed Crazy Yiuf
  2443 | D:4      | Reached XP level 5. HP: 17/33 MP: 6/6
  2450 | D:4      | Noticed Menkaure
  2460 | D:4      | HP: 1/33 [Menkaure (15)]
  2470 | D:4      | Slain by Menkaure

Levels and vault maps discovered:
D:1:      lordsloth_arrival_two_stooges, layout_rooms
D:2:      layout_basic, minmay_statues_item, nicolae_ru_awakened_eye,
          uniq_crazy_yiuf_cottage, uniq_terence
D:3:      layout_rooms, trog_butcher_becter
D:4:      layout_layer_cave, ebering_ghost_rock_garden, minivault_25,
          kennysheep_generic_room_8, uniq_menkaure

Skill      XL: |  1  2  3  4 |
---------------+-------------+-----
Short Blades   | 3 |  3.4
Armour         | 1 |  1.4
Throwing       | 1 |  1.3
Spellcasting   | 1 |  1.2
Dodging        | 3 |  3.1
Fighting       | |  3.6
Stealth        | |  2.8

Action                   |  1- 3 |  4- 6 || total
-------------------------+-------+-------++-------
Melee: Short sword       |   128 |   150 ||   278
  Use: Potion            |       |     6 ||     6
       Scroll            |       |     1 ||     1
  Eat: Chunk             |       |     5 ||     5
Armor: Robe              |     1 |       ||     1
       Scale mail        |    71 |    73 ||   144
Dodge: Dodged            |    78 |    92 ||   170

Table legend:
 A = Non-vault XP
 B = Vault XP
 C = Vault XP percentage of total XP
 D = Non-vault monster count
 E = Vault monster count
 F = Vault count percentage of total count
                 A         B        C        D         E       F
            +---------+---------+-------+---------+---------+-------
      Total |     167 |      46 |  21.6 |      43 |       5 |  10.4
            +---------+---------+-------+---------+---------+-------
        D:1 |      43 |       0 |   0.0 |      19 |       0 |   0.0
        D:2 |      29 |      36 |  55.4 |      10 |       1 |   9.1
        D:3 |      36 |      10 |  21.7 |      12 |       4 |  25.0
        D:4 |      59 |       0 |   0.0 |       2 |       0 |   0.0
            +---------+---------+-------+---------+---------+-------
